 Dungeon Crawl Stone Soup version 0.31.0-11-ge490571c62 (webtiles) character file.

Game seed: 2781430008560212795

8 browni3141 the Conjurer (level 2, 19/19 HPs)
             Began as a Demonspawn Conjurer on Jan 30, 2024.
             Got out of the dungeon alive.
             The game lasted 00:00:22 (327 turns).

browni3141 the Conjurer (Demonspawn Conjurer)        Turns: 327, Time: 00:00:22

Health: 19/19      AC:  2    Str:  7    XL:     2   Next: 0%
Magic:  4/5        EV: 12    Int: 18    God:
Gold:   12         SH:  0    Dex: 11    Spells: 4/5 levels left

rFire   . . .        f - +0 dagger
rCold   . . .        (no shield)
rNeg    . . .        a - +0 robe
rPois   .            (no helmet)
rElec   .            (no cloak)
rCorr   .            (no gloves)
SInv    .            (no boots)
Will    .....        (no amulet)
Stlth   ++           (no ring)
HPRegen 0.23/turn    (no ring)
MPRegen 0.09/turn

%: no passive effects
@: no status effects
A: demonic guardian 1
a: no special abilities


You escaped.
You visited 1 branch of the dungeon, and saw 1 of its levels.

You collected 12 gold pieces.

Inventory:

Hand Weapons
 f - a +0 dagger (weapon)
Armour
 a - a +0 robe (worn)
Jewellery
 d - an amulet of faith
Scrolls
 c - a scroll of poison {unknown}
 e - a scroll of vulnerability {unknown}
Potions
 b - a potion of magic


   Skills:
 + Level 2.0 Dodging
 + Level 2.0 Stealth
 + Level 2.1 Spellcasting
 + Level 4.1 Conjurations


You had 4 spell levels left.
You knew the following spells:

 Your Spells              Type           Power      Damage    Failure   Level
a - Magic Dart            Conj           64%        1d6       3%          1

Your spell library contained the following spells:

 Spells                   Type           Power      Damage    Failure   Level
 Searing Ray              Conj           32%        2d5       4%          2
 Fulminant Prism          Conj/Alch      4%         3d5       58%         4
 Iskenderun's Mystic Bla  Conj/Tloc      9%         2d4       58%         4


Dungeon Overview and Level Annotations

Branches:
Dungeon (1/15)

Altars:


Innate Abilities, Weirdness & Mutations

A weak demonic guardian rushes to your aid.


Message History

Welcome, browni3141 the Demonspawn Conjurer.
Everyone else who sought the Orb of Zot has failed.
Will you be different?
Press ? for a list of commands and other information.
Found a scroll labelled KEEWUFO ROAKKECHE.
Found two staircases leading out of the dungeon.
Setting a skill training target for Axes at 18.0.
Setting a skill training target for Invocations at 14.0.
Setting a skill training target for Throwing at 11.0.
c - a scroll labelled KEEWUFO ROAKKECHE As you open the door, it creaks loudly!
A ball python comes into view.
The ball python hisses angrily.
A ball python is nearby!
The magic dart hits the ball python.
You kill the ball python!
You can't see any susceptible monsters within range! (Use Z to cast anyway.)
You can't see any susceptible monsters within range! (Use Z to cast anyway.) Magic restored.
There is an open door here.
You see here a ball python corpse.
Found a stone staircase leading down.
d - an amulet of faith A kobold comes into view.
It is wielding a +0 dagger.
A kobold is nearby!
The magic dart hits the kobold.
The kobold is severely wounded.
The kobold shouts!
The kobold throws a stone.
The stone hits you but does no damage.
The magic dart hits the kobold.
You kill the kobold!
A frilled lizard comes into view.
The magic dart hits the frilled lizard.
You kill the frilled lizard!
You now have 12 gold pieces.
e - a scroll labelled ATIMIATUADGH A rat comes into view.
The magic dart hits the rat.
You kill the rat!
You can't see any susceptible monsters within range! (Use Z to cast anyway.)
You can't see any susceptible monsters within range! (Use Z to cast anyway.)
A frilled lizard comes into view.
A frilled lizard is nearby!
The magic dart hits the frilled lizard.
The frilled lizard is heavily wounded.
The frilled lizard hisses angrily.
You hear a shout!
A ball python comes into view.
The magic dart hits the frilled lizard.
You kill the frilled lizard!
The ball python hisses angrily.
The magic dart hits the ball python.
The ball python is moderately wounded.
A kobold comes into view. It is wielding a +0 whip.
A kobold is nearby!
You are out of magic!
The magic dart hits the ball python.
You kill the ball python!
You start resting.
A kobold is nearby!
A kobold is nearby!
The magic dart hits the kobold but does no damage.
The kobold shouts!
You are out of magic!
A kobold is nearby!
Things that are here:
a +0 dagger; 5 stones; a frilled lizard corpse
f - a +0 dagger (weapon)
The magic dart hits the kobold.
You kill the kobold!
Your Stealth skill increases to level 2!
Magic restored.
An endoplasm comes into view.
An endoplasm is nearby!
An endoplasm is nearby!
The magic dart hits the endoplasm.
The endoplasm is severely wounded.
The endoplasm quivers.
The magic dart hits the endoplasm.
You kill the endoplasm!
Your Dodging skill increases to level 2!
You have reached level 2!
Your demonic ancestry asserts itself...
You feel the presence of a demonic guardian.
You see here a ball python skeleton.
There is an open door here.
There is a staircase leading out of the dungeon here.
You have escaped!

#.#~...♣♣
#.#~≈...♣
#.#≈~...♣#
..#≈≈≈...#
#~~≈~..#
#~PP~..#
#~PP~~.#
#~~PP≈.#
#.≈~P~@+
#P.~P≈.#
+..~~~.#
#...~~≈#
#♣.P.≈~#
♣....~#
♣<...~#
♣♣...~#


There were no monsters in sight!

Vanquished Creatures
  An endoplasm (D:1)
  2 kobolds (D:1)
  2 ball pythons (D:1)
  2 frilled lizards (D:1)
  A rat (D:1)
8 creatures vanquished.

Notes
Turn   | Place    | Note
-------+----------+-------------------------------------------
     0 | D:1      | browni3141 the Demonspawn Conjurer began the quest for the
                  | Orb.
     0 | D:1      | Reached XP level 1. HP: 13/13 MP: 3/3
   292 | D:1      | Gained mutation: A weak demonic guardian rushes to your
                  | aid. [demonic ancestry]
   292 | D:1      | Reached XP level 2. HP: 19/19 MP: 1/5
   327 | D:$      | Got out of the dungeon alive.

Illustrated notes

Levels and vault maps discovered:
D:1:      tarquinn_simple_flora_water_c, layout_loops_ring, corner_web_ring,
          minmay_tetromino_t2

Skill      XL: |  1 |
---------------+----+-----
Stealth        | 2 |  2.0
Dodging        | 2 |  2.0
Spellcasting   | |  2.1
Conjurations   | |  4.1

Action                     || total
---------------------------++-------
   Cast: Magic Dart        ||    13
 Armour: Robe              ||     1
